Cogmind - Beta 15 @@@ ROGUE MODE // 2025.05.24 @ 17:16:49 Player: star Result: Destroyed by S-10 Pest with Light Assault Rifle Performance ------------- Evolutions (0) 0 Regions Visited (2) 400 Robots Destroyed (13) 65 Value Destroyed (316) 316 Prototype IDs (0) 0 Alien Tech Used (0) 0 Bonus (0) 0 TOTAL SCORE: 781 Bonus ------- None Cogmind --------- Core Integrity 0/250 Matter 290/300 Energy 234/250 System Corruption 0% Temperature Warm (195) Movement Walking (120) Location -10/Mines Parts ------- > --- POWER (1) -------- Ion Engine > --- PROPULSION (2) --- Aluminum Leg Aluminum Leg > --- UTILITY (2) ------ Small Storage Unit Machine Analyzer > --- WEAPON (2) ------- EM Pulse Gun Particle Gun > --- INVENTORY (8) ---- Improved Heat Sink Small Storage Unit Medium Matter Pod (100) EM Pulse Gun EMP Trap EMP Trap EMP Trap Peak State ------------ > --- POWER ------------ Ion Engine > --- PROPULSION ------- Aluminum Leg Aluminum Leg > --- UTILITY ---------- Small Storage Unit Machine Analyzer > --- WEAPON ----------- EM Pulse Gun EM Pulse Gun > --- INVENTORY -------- Compact Wheel Compact Wheel Improved Heat Sink Small Storage Unit Medium Matter Pod EM Pulse Gun EMP Trap EMP Trap [Rating: 10] Favorites ----------- Power Ion Engine Engine Ion Engine Propulsion Aluminum Leg Leg Aluminum Leg Wheel Compact Wheel Utility Small Storage Unit Storage Small Storage Unit Processor Machine Analyzer Weapon EM Pulse Gun Energy Gun EM Pulse Gun Build | -11 -10 -10 ------- Run | Yrd Mat Min Slots Evolved . | . . . Power . | . . . Propulsion . | . . . Utility . | . . . Weapon . | . . . Parts Attached 15 | 4 7 4 Power 2 | 1 . 1 Engine 2 | 1 . 1 Core . | . . . Reactor . | . . . Propulsion 4 | 2 . 2 Treads . | . . . Leg 2 | . . 2 Wheel 2 | 2 . . Hover . | . . . Flight . | . . . Utility 4 | 1 3 . Device . | . . . Storage 2 | 1 1 . Processor 2 | . 2 . Hackware . | . . . Protection . | . . . Artifact . | . . . Weapon 5 | . 4 1 Energy Gun 5 | . 4 1 Energy Cannon . | . . . Ballistic Gun . | . . . Ballistic Cannon . | . . . Launcher . | . . . Special Weapon . | . . . Impact Weapon . | . . . Slashing Weapon . | . . . Piercing Weapon . | . . . Special Melee Weapon . | . . . Unidentified Prototypes . | . . . Parts Lost 4 | . 3 1 Power 1 | . 1 . Propulsion . | . . . Utility . | . . . Weapon 3 | . 2 1 Highest Loss Streak 3 | . 3 1 To Critical Strikes . | . . . Average Backups 4 | . 4 4 Power . | . . . Propulsion . | . 2 . Utility 2 | . . 3 Weapon 1 | . 1 1 Tool/Special . | . . . Unused Backups 3 | . . 3 Power . | . . . Propulsion . | . . . Utility 2 | . . 2 Weapon 1 | . . 1 Tool/Special . | . . . Average Slot Usage (%) 96 | . 87 99 Engine 11 | . 7 13 Leg 17 | . . 24 Wheel 10 | . 28 3 Storage 14 | . 14 14 Processor 13 | . 12 14 Energy Gun 26 | . 24 28 Peak Build Rating 10 | 4 8 10 Average Rating 8 | 3 6 9 On Entrance 4 | . 4 8 Naked Turns . | . . . Heaviest Build 15 | 8 12 15 Greatest Support 32 | 32 32 32 Greatest Overweight (x) 2 | 2 . . Average Overweight (x) . | . . . Largest Inventory Capacity 8 | 8 8 8 Average Capacity 7 | 7 8 8 Most Carried 8 | 2 6 8 Average Carried 5 | 1 4 6 Final Capacity 8 | 8 8 8 Final Carried 7 | 2 6 7 Class Distribution -------------------- 100% | Mutant Dominant Class ---------------- Mutant | -10/Materials Mutant | -10/Mines Resources | -11 -10 -10 ----------- Run | Yrd Mat Min Matter Collected 411 | 214 66 131 Remotely . | . . . Salvage Created 433 | . 211 222 Parts 22 | . 13 9 Haulers Intercepted . | . . . Recyclers Shooed 1 | . . 1 Parts Field Recycled . | . . . Retrieved Matter . | . . . Parts Self-Destructed . | . . . Prevented . | . . . Kills | -11 -10 -10 ------- Run | Yrd Mat Min Combat Hostiles Destroyed 12 | . 7 5 Guns 11 | . 7 4 Classes Destroyed 3 | . 3 . Mechanic 1 | . 1 . Swarmer 6 | . 5 1 Grunt 6 | . 2 4 Best Kill Streak 8 | . 8 2 Combat Bots Only 6 | . 6 2 Max Kills in Single Turn 1 | . 1 1 Gunslinging . | . . . Exploded . | . . . Melee . | . . . Uniques/NPCs Destroyed . | . . . Combat | -11 -10 -10 -------- Run | Yrd Mat Min Hostile Shots Fired 93 | . 58 35 Missed 38 | . 25 13 Hits 55 | . 33 22 Projectile 55 | . 33 22 Damage Taken 657 | . 402 255 Core 252 | . 131 121 Absorbed by Shields . | . . . Core Remaining (%) 100 | 100 . . Volleys Fired 40 | . 19 21 Largest 2 | . 2 2 Hottest 105 | . 80 105 Shots Fired 79 | . 38 41 Gun 79 | . 38 41 Cannon . | . . . Launcher . | . . . Special . | . . . Kinetic . | . . . Thermal 6 | . . 6 Explosive . | . . . Electromagnetic 73 | . 38 35 Robot Hit Streak 8 | . 8 5 Robot Miss Streak 5 | . 5 5 Penetration Max . | . . . Secondary Targets 2 | . 2 . Max Gunslinging Chain 1 | . 1 . Shots Hit Robots 39 | . 19 20 Core Hits 19 | . 10 9 Critical Kills . | . . . Critical Parts Destroyed . | . . . Critical Strikes 2 | . 1 1 Corrupt 2 | . 1 1 Melee Attacks . | . . . Impact . | . . . Slashing . | . . . Piercing . | . . . Sneak Attacks . | . . . Combat Hostiles . | . . . Follow-up Attacks . | . . . Damage Inflicted 736 | . 407 329 Guns 535 | . 256 279 Cannons . | . . . Explosions 186 | . 147 39 Melee . | . . . Ramming 15 | . 4 11 Kinetic . | . . . Thermal 202 | . 147 55 Explosive . | . . . Electromagnetic 519 | . 256 263 Impact . | . . . Slashing . | . . . Piercing . | . . . Highest Corruption . | . . . Average Corruption . | . . . Corruption Purged . | . . . Corruption Blocked . | . . . Overload Shots . | . . . Overflow Damage 1 | . 1 . Projectiles . | . . . Explosions 1 | . 1 . Melee . | . . . Knockbacks . | . . . Impact . | . . . Kinetic . | . . . Secondary . | . . . Self-Inflicted Damage 77 | . 77 . Shots 2 | . 2 . Rammed 1 | . 1 . Targets Rammed 5 | . 1 4 Kicked 4 | . . 4 Crushed . | . . . Highest Temperature 206 | . 206 195 Average Temperature 81 | . 74 86 Received Heat Transfer 165 | . 72 93 Siege Activations . | . . . Martial Activations . | . . . Shielding Activations . | . . . Robots Disrupted . | . . . Combat Hostiles . | . . . Robots Corrupted 1 | . . 1 Combat Hostiles 1 | . . 1 Parts Fried . | . . . Impact Corruptions . | . . . Robots Melted . | . . . Combat Hostiles . | . . . Parts Melted . | . . . Heat Transferred 187 | . 100 87 Parts Sabotaged . | . . . Parts Stolen . | . . . Parts Stripped . | . . . Power Chain Reactions 3 | . 2 1 Alert | -11 -10 -10 ------- Run | Yrd Mat Min Maximum Alert Level . | . . . Low Security (%) 100 | 100 100 100 Level 1 . | . . . Level 2 . | . . . Level 3 . | . . . Level 4 . | . . . Level 5 . | . . . High Security . | . . . Max Security . | . . . Peak Influence 160 | . 160 76 Initial 42 | . . 42 Average 30 | . 74 14 Influence Increases 374 | . 230 144 Destroy 0b10 Robot/C 240 | . 140 100 Destroy 0b10 Robot/NC 5 | . 5 . Destroy Leader 60 | . 30 30 Trap Triggered on 0b10 10 | . . 10 Destroy Structure 14 | . 10 4 Lose Combat Pursuer 45 | . 45 . Influence Decreases 344 | . 120 224 Entered New Map 68 | . . 68 Time Decay 236 | . 90 146 Lost Part 40 | . 30 10 Squads Dispatched 1 | . 1 . Investigation . | . . . Extermination . | . . . Reinforcement 1 | . 1 . Assault . | . . . Garrison . | . . . Intercept . | . . . Searches Triggered . | . . . Construction Impeded . | . . . Haulers Reinforced . | . . . Active Scanning Responses . | . . . Cargo Convoy Interrupts . | . . . Stealth | -11 -10 -10 --------- Run | Yrd Mat Min Distress Signals . | . . . Communications Jammed . | . . . Distress Signals . | . . . Times Spotted 19 | . 12 7 Peak Tracking Total 5 | . 5 3 Tactical Retreats 3 | . 3 . Traps | -11 -10 -10 ------- Run | Yrd Mat Min Traps Triggered . | . . . Indirectly . | . . . Trap Hack Attempts . | . . . Triggered . | . . . Disarmed . | . . . Reprogrammed . | . . . Reused 1 | . . 1 Traps Extracted . | . . . Installed 1 | . . 1 Triggered 1 | . . 1 Most Traps Carried 4 | . . 4 Machines | -11 -10 -10 ---------- Run | Yrd Mat Min Machines Disabled . | . . . Max in Single Turn . | . . . Machines Repaired . | . . . Machines Dismantled . | . . . Machines Sabotaged . | . . . Overloaded Fab Kills . | . . . Hacking | -11 -10 -10 --------- Run | Yrd Mat Min Machines Accessed . | . . . Terminals . | . . . Fabricators . | . . . Repair Stations . | . . . Recycling Units . | . . . Scanalyzers . | . . . Garrison Access . | . . . Total Hacks . | . . . Successful . | . . . Failed . | . . . Catastrophic . | . . . Database Lockouts . | . . . Manual . | . . . Terminals . | . . . Fabricators . | . . . Repair Stations . | . . . Recycling Units . | . . . Scanalyzers . | . . . Garrison Access . | . . . Terminal Hacks . | . . . Fabricator Hacks . | . . . Repair Station Hacks . | . . . Recycling Unit Hacks . | . . . Scanalyzer . | . . . Garrison Access Hacks . | . . . Unauthorized Hacks . | . . . Terminals . | . . . Fabricators . | . . . Repair Stations . | . . . Recycling Units . | . . . Scanalyzers . | . . . Garrison Access . | . . . Data Cores Recovered . | . . . Used . | . . . Hacking Detections . | . . . Full Trace Events . | . . . Feedback Events . | . . . Feedback Blocked . | . . . Robot Schematics Acquired . | . . . Robots Built . | . . . Authchips . | . . . Time . | . . . Total Robot Build Rating . | . . . Part Schematics Acquired . | . . . Parts Built . | . . . Authchips . | . . . Time . | . . . Total Part Build Rating . | . . . Parts Repaired . | . . . Time . | . . . Parts Recycled . | . . . Recycled Matter . | . . . Retrieved Matter . | . . . Retrieved Components . | . . . Parts Scanalyzed . | . . . Part Schematics Acquired . | . . . Parts Damaged . | . . . Bothacking | -11 -10 -10 ------------ Run | Yrd Mat Min Used RIF Installer . | . . . Robots Hacked . | . . . Non-combat . | . . . Combat . | . . . Robot Hacks Applied . | . . . Relay Couplers Released . | . . . Fabnet Peak Effective % . | . . . Robots Rewired . | . . . Allies Hacked . | . . . Hacks Repelled . | . . . Allies | -11 -10 -10 -------- Run | Yrd Mat Min Total Allies . | . . . Largest Group . | . . . Highest-Rated Group . | . . . Highest-Rated Ally . | . . . Total Orders . | . . . Ally Attacks . | . . . Total Damage . | . . . Kills . | . . . Allies Corrupted . | . . . Allies Melted . | . . . Intel | -11 -10 -10 ------- Run | Yrd Mat Min Active Infowar (turns) 765 | . 52 713 Machine Analysis 765 | . 52 713 Robot Analysis Total . | . . . Derelict Logs Recovered 2 | . . 2 Drone Launches . | . . . Drone Recoveries . | . . . Exploration | -11 -10 -10 ------------- Run | Yrd Mat Min Turns Passed 1057 | 51 293 713 Spaces Moved 781 | 45 211 525 Core 8 | 8 . . Treads . | . . . Legs 479 | . . 479 Wheels 294 | 37 211 46 Hover . | . . . Flight . | . . . Fastest Speed 50 | 50 100 100 Average Speed 112 | 97 100 118 Slowest Speed 150 | 150 100 120 Overloaded Moves . | . . . Propulsion Burnouts . | . . . Robots Hopped . | . . . Potential Cave-ins . | . . . Cave-ins Triggered . | . . . Exploration Rate (%) 41 | 3 32 89 Regions Visited 2 Branch Regions 1 Pre-discovered Areas . | . . . Known Exits Taken . | . . . Unknown Exits Taken 2 | 1 1 . Scrap Searched 1 | . . 1 Spaces Dug . | . . . Terrain Destroyed 13 | . 8 5 Melee . | . . . Projectile . | . . . AOE 13 | . 8 5 Terrain Rammed . | . . . Walls Destroyed . | . . . Machines Disabled . | . . . Actions | -11 -10 -10 --------- Run | Yrd Mat Min Total 879 | 50 252 577 Wait 22 | . 9 13 Move 779 | 44 210 525 Hop . | . . . Pick Up 13 | 2 6 5 Fast Attach 9 | 4 3 2 Attach 2 | . 2 . Detach . | . . . Swap 4 | . 2 2 Drop 4 | . . 4 Fire 40 | . 19 21 Melee . | . . . Ram 1 | . 1 . Kick 4 | . . 4 Crush . | . . . Escape Stasis . | . . . Rewire . | . . . Trap 1 | . . 1 Miscellaneous . | . . . Route ------- -11/Scrapyard -10/Materials -10/Mines (discovered 1 exit: [*Mat]) History --------- Turn | Location | Event 17 | -11/Scrapyard | Discovered new exit (range 16) 52 | -11/Scrapyard | Entered Materials 232 | -10/Materials | Lost 3 parts (1p2w) 235 | -10/Materials | Core integrity fell below 50% 281 | -10/Materials | Discovered new exit (range 12) 330 | -10/Materials | Build established: Mutant 345 | -10/Materials | Entered Mines 386 | -10/Mines | Met a Derelict bent on vengeance 485 | -10/Mines | Found a hidden stash of uninstalled traps 550 | -10/Mines | Core integrity fell below 20% 575 | -10/Mines | Discovered new exit (range 5) 646 | -10/Mines | Learned 2 Materials zone layouts 1058 | -10/Mines | Destroyed by S-10 Pest with Light Assault Rifle Last Messages --------------- 00528_ Dropped EMP Trap. 00528_ Installed EMP Trap. 00534_ U-05 Engineer lays Concrete. 00535_ U-05 Engineer builds a Wall. 00536_ T-07 Excavator is excavating. 00539_ U-05 Engineer lays Concrete. 00543_ G-47 Trooper destroyed. 00545_ U-05 Engineer builds a Door. 00551_ EM Pulse Gun destroyed. 00552_ G-34 Mercenary destroyed. 00553_ Acquired 1 matter. 00557_ Acquired Particle Gun. 00575_ EXIT=FOUND 00644_ Y5-GCB(g): "WHERE ARE YOU, UNAWARE TRASH?! VENGEANCE UPON YOU!" 00646_ Acquired derelict log, extracted data. Data stored: Materials zone layouts (x2). 00649_ K-01 Serf collects debris. 00650_ Y5-GCB(g): "TASTE MY VENGEANCE!" 00652_ K-01 Serf collects debris. 01051_ S-10 Pest destroyed. Map ----- +----------------------------------------------------+ | ??# """ #### ##?## ### ##????????????? | | ??# #??# #???####?## #????????????? | | ??# """ """ #?## #?????????# #######??????? | | ??# """ """ #?# #?????????# ## ##?????? | | ????""" """ #?## ##?????????# ####### | | ???? #??######??????????# | | ????#########??????????????????# | | ???????????????????????????????# #### | | ???????????????????????????????## #??## | | ????????????????????????????????##### ## #???# | | ????????????????????????????????????####### #???? | | ?????????????????????????????????????????## #???? | | ?????????????????????????????????????????# ##??? | | ??????????????????# ?????????????????????# #### | | ?????????????????? ?????"???????????????## ## | | ??????????????????# """ ""???????????????# | | ??????????????????? """ "????????????????## | | ??????????????????? ?????????????????# | | ???????????????????? """ ??????????????????# | | ???????????????????? """ ??????????????????# # | | ??????######?????????"""??????????????????## # | | ?????## ##???????? ?????????????????## | | ?????# ######???# #????????????????## ## | | ?????# #???# #??????????????### #### | | ?????# """ #???# ################ #??## | | ?????# """ # #???#=s*@ t u #???# | | ????# """ # #???#s############### #???# | | ????# # #???# #?????????????## ##???# | | ????## ## ##### #??????????????## #????# | | ?????## ##### #???????????????## ##???## | | ??????#####???# #######????????????????# #????# | | ??????????????# ########???????????????# ##???? | | ??????????????# #???????????????# #???? | | ?????????????## ### #???????????????## #???? | | ????????????## #?# ##???????????????# ##??? | | ????????????# #### #####???????????# ###? | | ????????????# ##?# ##??????????# ## | | ????????????# ##??# ##?????????## # | | ???????????# ##???## #?????????## # | | ??????????# ##?????### #????????## ## | | ?????????# #?????????## ##???????## ##? | | ?????????## #???????????## ##????????# ##?? | | ??????????###?????????????####?????????## ###??? | | ????????????????????????????????????????#####????? | | ?????????????????????????????????????????????????? | | ?????????????????????????????????????????????????? | | | | | | | | | +----------------------------------------------------+ Best States ------------- Heat Dissipation 25 Energy Generation 10 Energy Capacity 250 Matter Stores 300 Matter Capacity 300 Sight Range 16 Terrain Scan Density 10 Evasion (%) 55 Item Schematics ----------------- None Robot Schematics ------------------ None Fabricated ------------ Nothing Repaired ---------- Nothing Alien Tech Used ----------------- None Achievements -------------- None Challenges ------------ None Game ------ Seed LinkedAnalysisFrame Manual? 0 Play Time 00:09:19 Cumulative 145.1 hours Start 2025.05.23 @ 19:28:49 End 2025.05.24 @ 17:16:49 Sessions 2 Manual Loads 0 Difficulty Rogue Special Mode None Game No. 251 Rogue 251 Adventurer 0 Explorer 0 Win Type - Total 1 Types 1/0/0/0/0/0/0/0/0/0 Lore% 51 Gallery% 57 Achievement% 48 Wizard Run 0 Options --------- Layout 0 ASCII 0 Keyboard 1 Movement Numpad Keybinds 0 Fullscreen 2 Font 18/SmallcapsGlow Map View 76x50 Zoom Use 0% Tactical HUD 1 Map Filters NONE Filters NONE Steam 1 RUN: 60b9a028-d3d5-4b17-bfd3-355b4d4915a4